Match 42587576
Unlisted

Match 42587576
End
Royal Engineer Section
Construct Section Command Post
Infantry Section
Infantry Section
Infantry Section
Construct Platoon Command Post
Grenade Package
Construct Field Infirmary
Infantry Training
Unlock M3 Stuart Light Tanks
M3 Stuart Light Tank
M3 Stuart Light Tank
Infantry Section
Selects Air and Sea Battlegroup
Selects Commando Section Paradrop
Selects Commando Support Section Paradrop
Selects Anti-tank Rocket Loiter
M3 Stuart Light Tank
Commando Section Paradrop
Commando Section Paradrop
Light Vehicle Training
Anti-tank Rocket Loiter
Commando Section Paradrop
Construct Company Command Post
Matilda II Heavy Tank
Commando Section Paradrop
Selects Naval Blockade
Selects UNKNOWN (223837)
Selects Naval Bombardment
Royal Engineer Section
315oklopna
Nubbl0r
0
0

Comments sign in to comment!

No comments posted yet!